 Dungeon Crawl Stone Soup version 0.31-a0-841-g038b102fc3 (webtiles) character file.

Game seed: 5348202474408250897

74 Shayle the Trooper (level 4, -2/35 HPs)
             Began as a Demonspawn Reaver on Sept 27, 2023.
             Killed by divine providence
             ... invoked by an orc priest
              (16 damage)
             ... on level 3 of the Dungeon.
             The game lasted 00:04:22 (2869 turns).

Shayle the Trooper (Demonspawn Reaver)              Turns: 2869, Time: 00:04:24

Health: -2/35      AC:  4    Str: 12    XL:     4   Next: 9%
Magic:  8/8        EV: 11    Int: 16    God:
Gold:   153        SH:  0    Dex: 14    Spells: 7/8 levels left

rFire   . . .        a - +0 spear
rCold   . . .        (no shield)
rNeg    . . .        b - +1 leather armour
rPois   .            (no helmet)
rElec   .            (no cloak)
rCorr   .            (no gloves)
SInv    .            (no boots)
Will    .....        (no amulet)
Stlth   ++           (no ring)
HPRegen 0.25/turn    (no ring)
MPRegen 0.11/turn

%: no passive effects
@: no status effects
A: thin skeletal structure 1, condensation shield
a: no special abilities


You were on level 3 of the Dungeon.
You visited 1 branch of the dungeon, and saw 3 of its levels.

You collected 153 gold pieces.

Inventory:

Hand Weapons
 a - a +0 spear (weapon)
Armour
 b - a +1 leather armour (worn)
Scrolls
 c - a scroll of enchant weapon {unknown}
 h - a scroll of noise
 m - a scroll of teleportation {unknown}
Potions
 d - a potion of might {unknown}
 e - a potion of lignification {unknown}
 f - 2 potions of brilliance {unknown}
 g - a potion of curing
 i - a potion of resistance {unknown}
 j - 3 potions of magic {unknown}
 k - a potion of degeneration {unknown}
 l - a potion of attraction {unknown}


   Skills:
 + Level 3.1 Fighting
 - Level 2.6 Polearms
 - Level 1.7 Dodging
 + Level 2.8 Spellcasting
 - Level 3.0 Conjurations
 + Level 2.0 Necromancy


You had 7 spell levels left.
You knew the following spells:

 Your Spells              Type           Power      Damage    Failure   Level
a - Kiss of Death         Conj/Necr      40%        2d8       9%          1

Your spell library contained the following spells:

 Spells                   Type           Power      Damage    Failure   Level
 Momentum Strike          Conj/Tloc      14%        3d8       21%         2
 Hailstorm                Conj/Ice       7%         3d4       36%         3
 Summon Forest            Summ/Tloc      1%         N/A       100%        5
 Summon Mana Viper        Hex/Summ       2%         N/A       100%        5
 Summon Cactus Giant      Summ           1%         N/A       100%        6


Dungeon Overview and Level Annotations

Branches:
Dungeon (3/15)

Altars:
Hepliaklqana
Nemelex Xobeh


Innate Abilities, Weirdness & Mutations

You have a somewhat thin skeletal structure. (Dex +2, Stealth+)
A meltable shield of frost defends you. (SH +0)


Message History

You bump into the rock wall.
You feel sick. The orc wizard barely misses you.
You are too confused!
You closely miss the orc wizard.
You feel sick.
The orc wizard hits you with a +0 dagger of venom.
You are more poisoned.
You bump into the rock wall.
You feel very sick. The orc wizard completely misses you.
A hobgoblin comes into view.
You hit the orc wizard.
The orc wizard is moderately wounded.
You feel less confused.
You feel very sick. The orc wizard misses you.
The orc priest mumbles some strange prayers to Beogh against you.
Beogh smites you!
* * * LOW HITPOINT WARNING * * *
You feel better. You block the orc wizard's attack.
You hit the orc wizard.
The orc wizard is heavily wounded.
The orc wizard hits you but does no damage.
You are poisoned.
The orc priest casts a cantrip, but nothing happens.
You hit the orc wizard.
The orc wizard is severely wounded.
You feel very sick.
The orc wizard points at you and mumbles some strange words.
The puff of flame hits you.
Your condensation shield dissipates!
You feel better. The orc wizard casts a spell at you. The magic dart hits you.
You miss the orc wizard.
The orc wizard is severely wounded.
The orc wizard gestures wildly while chanting.
The orc wizard flickers and vanishes!
Deactivating autopickup; reactivate with Ctrl-A.
The orc priest calls down the wrath of Beogh upon you.
Beogh smites you!
You die...

#...<......######## ....
#####........#....# ....
##...###.#....# .....
##..###......## ...o.
#....###...... ......
#..#..##....#. ......#
#..##........#
......o#######..##.........
......boo{@..........รท.....
......g#########.####......
.......#.....###.## ##.#.##
..................####...##
...........................
.^...#.........#...........
######.........##.#........
#.........##..###.###.
#.........###.........


You could see an orc priest, 2 orcs, a hobgoblin and a bat.

Vanquished Creatures
  2 adders
  2 worms
  3 ball pythons
  9 bats
  7 endoplasms
  A giant cockroach (D:1)
  3 goblins
  4 quokkas
  3 frilled lizards (D:1)
  6 kobolds
  5 rats
45 creatures vanquished.

Notes
Turn   | Place    | Note
-------+----------+-------------------------------------------
     0 | D:1      | Shayle the Demonspawn Reaver began the quest for the Orb.
     0 | D:1      | Reached XP level 1. HP: 16/16 MP: 3/3
   222 | D:1      | Gained mutation: A meltable shield of frost defends you.
                  | (SH +0) [demonic ancestry]
   222 | D:1      | Reached XP level 2. HP: 22/22 MP: 5/5
   287 | D:1      | Reached skill level 1 in Necromancy
   729 | D:1      | Gained mutation: You have a somewhat thin skeletal
                  | structure. (Dex +2, Stealth+) [demonic ancestry]
   729 | D:1      | Reached XP level 3. HP: 28/28 MP: 6/6
  1940 | D:3      | Found a sparkling altar of Nemelex Xobeh.
  2110 | D:3      | Reached XP level 4. HP: 24/35 MP: 8/8
  2426 | D:2      | Found a hazy altar of Hepliaklqana.
  2869 | D:3      | Killed from afar by an orc priest

Illustrated notes

Levels and vault maps discovered:
D:1:      onia_arrival_pyramid, layout_basic, serial_forest,
          infiniplex_forest_lined_room_, infiniplex_forest_straight_3,
          infiniplex_forest_clump_medium, infiniplex_forest_clump_tiny,
          infiniplex_forest_fountain, infiniplex_forest_diagonal,
          infiniplex_forest_lined_ring, minivault_23
D:2:      layout_basic, basic_altar
D:3:      layout_rooms, lemuel_tele_altar, nicolae_wormholes

Skill      XL: |  1  2  3 |
---------------+----------+-----
Necromancy     | 1 2 |  2.0
Fighting       | 3 |  3.1
Polearms       | |  2.6
Dodging        | |  1.7
Spellcasting   | |  2.8
Conjurations   | |  3.0

Action                     |  1- 3 |  4- 6 || total
---------------------------+-------+-------++-------
  Melee: Spear             |   137 |    20 ||   157
    Use: Scroll            |     4 |       ||     4
         Potion            |       |     2 ||     2
   Stab: Sleeping          |     2 |     1 ||     3
 Armour: Leather armour    |    61 |     9 ||    70
  Dodge: Dodged            |    56 |    12 ||    68
  Block: Other             |     8 |     4 ||    12

Table legend: (Time is in decaauts)
 A = Elapsed time spent in this place.
 B = Non-inter-level travel time spent in this place.
 C = Inter-level travel time spent in this place.
 D = Time resting spent in this place.
 E = Time spent auto-exploring this place.
 F = Levels seen in this place.
 G = Mean time per level.
                   A        B        C        D        E       F      G
               +--------+--------+--------+--------+--------+-----+--------+
         Total |   2865 |   2741 |    124 |    302 |   1970 |   3 |  955.0 |
       Dungeon |   2865 |   2741 |    124 |    302 |   1970 |   3 |  955.0 |
               +--------+--------+--------+--------+--------+-----+--------+

Top non-repeatable levels by time:
     D:2: 1614 daAuts
     D:1: 756 daAuts
     D:3: 494 daAuts
